 Dungeon Crawl Stone Soup version 0.23.0 (webtiles) character file.

Game seed: 15165701929383576945

47 Borgoz the Sneak (level 3, -1/28 (30) HPs)
             Began as a Ghoul Assassin on Feb 17, 2019.
             Slain by an ogre
             ... wielding a +0 giant club
              (28 damage)
             ... on level 2 of the Dungeon.
             The game lasted 00:02:35 (1119 turns).

Borgoz the Sneak (Ghoul Assassin)                   Turns: 1119, Time: 00:02:36

HP:   -1/28 (30)    AC:  4    Str: 14    XL:     3   Next: 70%
MP:   2/2           EV: 11    Int:  6    God:
Gold: 70            SH:  0    Dex: 11    Spells: 2/2 levels left

rFire    . . .     SeeInvis .   a - +2 dagger (venom)
rCold    + + .     Gourm    .   (no shield)
rNeg     + + +     Faith    .   l - +0 leather armour
rPois    ∞         Spirit   .   (no helmet)
rElec    .         Reflect  .   d - +0 cloak
rCorr    .         Harm     .   (no gloves)
MR       .....                  (no boots)
Stlth    ++........             (no amulet)
HPRegen  0.00/turn              m - ring of protection from cold
MPRegen  0.08/turn              (no ring)

@: rotting
A: rotting body, claws 1, carnivore, cold resistance 1, negative energy
resistance 3, inhibited regeneration, torment resistance, unbreathing
a: no special abilities


You were on level 2 of the Dungeon.
You were not hungry.

You visited 1 branch of the dungeon, and saw 2 of its levels.

You collected 70 gold pieces.

Inventory:

Hand Weapons
 a - a +2 dagger of venom (weapon)
 b - a +0 blowgun
Missiles
 e - 29 poisoned needles
 f - 2 curare-tipped needles
Armour
 d - a +0 cloak (worn)
 l - a +0 leather armour (worn)
Jewellery
 m - a ring of protection from cold (left claw)
Scrolls
 c - a scroll of enchant armour {unknown}
 h - a scroll of fear {unknown}
 j - 3 scrolls of identify {unknown}
Potions
 i - 3 potions of curing {unknown}
 k - a potion of might {unknown}
 n - a potion of berserk rage {unknown}
 o - a potion of flight {unknown}
 p - a potion of lignification {unknown}
Comestibles
 g - 4 rations


   Skills:
 + Level 2.5 Fighting
 * Level 2.5 Short Blades
 - Level 1.7 Throwing
 + Level 0.8 Armour
 + Level 1.4 Dodging
 + Level 4.7 Stealth


You had 2 spell levels left.
You didn't know any spells.
Your spell library was empty.

Dungeon Overview and Level Annotations

Branches:
Dungeon (2/15)

Altars:


Innate Abilities, Weirdness & Mutations

Your body is rotting away.
You thrive on raw meat.
You are immune to poison.
You have sharp fingernails.
You are carnivorous and can eat meat at any time.
Your flesh is cold resistant. (rC+)
You are immune to negative energy. (rN+++)
You do not regenerate when monsters are visible.
You are immune to unholy pain and torment.
You can survive without breathing.


Message History

The ooze is lightly wounded.
The ooze closely misses you.
You hit the ooze.
The ooze is lightly wounded.
The ogre shouts!
The ooze barely misses you.
You hit the ooze.
The ooze is moderately wounded.
The ooze barely misses you.
You hit the ooze.
The ooze is moderately wounded.
You hit the ogre.
The ogre is lightly wounded.
The ooze hits you. The ogre barely misses you.
You hit the ogre.
The ogre is poisoned.
The ogre is lightly wounded.
The ooze closely misses you.
The ogre hits you with a +0 giant club!!
Ouch! That really hurt!
You die...

#l ##...#.##.##.#
#.# #..
#...#.##.##.# #.#
#...##...#.##.##.#
......!..##.....
.#
###..##..##.##.#
## #......#.### #
#...........
###..#..........#
#......@....#.#.#
...#..OJ##...... #
#....# .......
....... .......
####...# ..#....
..... .......
....b. ...###.
#......


You could see an ogre and an ooze.

Vanquished Creatures
  A gnoll (D:1)
  An ooze (D:1)
  A worm (D:2)
  A dart slug (D:1)
  A giant cockroach (D:1)
  3 goblins (D:1)
  3 hobgoblins (D:1)
  A ball python (D:1)
  8 bats
  4 frilled lizards
  5 kobolds (D:1)
  A rat (D:1)
30 creatures vanquished.

Notes
Turn   | Place    | Note
-------+----------+-------------------------------------------
     0 | D:1      | Borgoz the Ghoul Assassin began the quest for the Orb.
     0 | D:1      | Reached XP level 1. HP: 17/17 MP: 0/0
    26 | D:1      | Reached skill level 1 in Dodging
    26 | D:1      | Reached XP level 2. HP: 11/25 MP: 1/1
   417 | D:1      | Reached XP level 3. HP: 17/30 MP: 2/2
  1105 | D:2      | Noticed an ogre
  1119 | D:2      | Slain by an ogre

Skill      XL: |  1 |
---------------+----+-----
Short Blades   | 2 |  2.5
Dodging        | 1 |  1.4
Fighting       | |  2.5
Throwing       | |  1.7
Armour         | |  0.8
Stealth        | |  4.7

Action                   || total
-------------------------++-------
Melee: Dagger            ||    86
 Stab: Sleeping          ||     8
  Eat: Chunk             ||     4
Armor: Robe              ||     7
       Leather armour    ||    13
Dodge: Dodged            ||    44
